 Dungeon Crawl Stone Soup version coffee-0.2.0 (webtiles) character file.

Game seed: 11629662138349034320, levelgen mode: deterministic

44 Dorkslayer the Ducker (level 3, -4/26 HPs)
             Began as an Octopode Fighter on Oct 31, 2020.
             Slain by Robin
             ... wielding a +0 whip
              (7 damage)
             ... on level 2 of the Dungeon.
             The game lasted 00:03:36 (1122 turns).

Dorkslayer the Ducker (Octopode Fighter)            Turns: 1122, Time: 00:03:37

Health: -4/26      AC:  1    Str: 16    XL:     3   Next: 62%
Magic:  3/3        EV: 13    Int: 10    God:
Gold:   71         SH:  9    Dex: 11    Spells: 2/2 levels left

rFire    . . .     SeeInvis .   a - +0 long sword
rCold    . . .     Gourm    .   b - +0 kite shield
rNeg     . . .     Faith    .   (helmet restricted)
rPois    .         Spirit   .   (no amulet)
rElec    .         Reflect  .   (no ring)
rCorr    .         Harm     .   (no ring)
MR       .....                  (no ring)
Stlth    ++++......             (no ring)
HPRegen  0.08/turn              (no ring)
MPRegen  0.08/turn              (no ring)
                                (no ring)
                                (no ring)

@: mighty
A: almost no armour, stealthy swim, amphibious, 8 rings, constrict 8, camouflage
1, gelatinous body 1
a: no special abilities


You were on level 2 of the Dungeon.
You were hungry.

You visited 1 branch of the dungeon, and saw 2 of its levels.

You collected 71 gold pieces.

Inventory:

Hand Weapons
 a - a +0 long sword (weapon)
Armour
 b - a +0 kite shield (worn)
Scrolls
 e - 2 scrolls of remove curse
 g - a scroll of enchant armour
 h - a scroll of teleportation
 i - a scroll of brand weapon
Comestibles
 d - 4 rations


   Skills:
 + Level 3.1(4.6) Fighting
 + Level 2.6 Long Blades
 + Level 3.3(4.7) Dodging
 + Level 2.0(5.8) Stealth
 + Level 3.3(4.6) Shields


You had 2 spell levels left.
You didn't know any spells.
Your spell library was empty.

Dungeon Overview and Level Annotations

Branches:
Dungeon (2/10)
 Temple: D:2

Altars:

Shops:
D:1 (

Annotations:
D:2 Jessica, Natasha, Robin


Innate Abilities, Weirdness & Mutations

You cannot wear most types of armour.
You are very stealthy in the water. (Stealth+)
You are amphibious.
You can wear up to eight rings at the same time.
You can use your tentacles to constrict eight enemies at once.
Your skin changes colour to match your surroundings (Stealth+).
Your rubbery body absorbs attacks. (AC +1, EV +1)


Message History

You slash the goblin!
You kill the goblin!
You block the goblin's attack.
You slash the goblin!
You kill the goblin!
Your base Stealth skill increases to level 2!
The goblin barely misses you.
You riposte.
You barely miss the goblin. Your grab misses the goblin.
You squeeze the goblin.
You kill the goblin!
A hobgoblin comes into view. It is wielding a +0 club.
You closely miss Robin. Your grab misses Robin.
Jessica casts a spell.
Jessica seems to speed up.
You block the hobgoblin's attack.
Robin roars a battlecry!
The hobgoblins go into a battle-frenzy!
Jessica mumbles some strange words.
Jessica blinks!
The hobgoblin barely misses you.
Robin points. "Kill!"
Robin hits you with a +0 whip!
You die...

########### #.........#
#.........#
#.........####### ###
#...............##.....
#...g.......###........
##.........#..#####.....
...##########.§g@ggl....
...#### #######.....
......# ... ....g.# #
#####g## #@.######
#..g..)g# #..####......
#... ##g.g


You could see Robin, 2 hobgoblins and a frilled lizard.

Vanquished Creatures
  A worm (D:2)
  13 goblins
  A hobgoblin (D:1)
  7 jackals (D:1)
  A quokka (D:2)
  A bat (D:2)
  A frilled lizard (D:1)
  6 kobolds (D:1)
  4 rats (D:1)
35 creatures vanquished.

Notes
Turn   | Place    | Note
-------+----------+-------------------------------------------
     0 | D:1      | Dorkslayer the Octopode Fighter began the quest for the
                  | Orb.
     0 | D:1      | Reached XP level 1. HP: 16/16 MP: 1/1
    63 | D:1      | Reached XP level 2. HP: 17/21 MP: 2/2
   540 | D:1      | Found Hiona's Antique Weapon Emporium.
  1003 | D:2      | Noticed Natasha
  1008 | D:1      | Reached XP level 3. HP: 26/26 MP: 3/3
  1050 | D:2      | Reached skill level 1 in Stealth
  1086 | D:2      | Noticed Jessica
  1115 | D:2      | Noticed Robin
  1122 | D:2      | Slain by Robin

Levels and vault maps discovered:
D:1:      nzn_arrival_crosshair, layout_basic, serial_shops,
          nicolae_shop_crystal
D:2:      layout_rooms, minmay_temple_entry_ruins, first_ration, uniq_robin,
          uniq_jessica, uniq_natasha

Skill      XL: |  1  2  3 |
---------------+----------+-----
Stealth        | 2 |  2.0
Fighting       | |  3.1
Long Blades    | |  2.6
Dodging        | |  3.3
Shields        | |  3.3

Action                   || total
-------------------------++-------
Melee: Long sword        ||    62
       Tentacles         ||     8
       Constrict         ||    13
  Use: Potion            ||     1
 Stab: Sleeping          ||     8
Armor: Skin              ||     4
Dodge: Dodged            ||    21
Block: Kite shield       ||    27
       Rpst.: Long sword ||     5
